 Dungeon Crawl Stone Soup version 0.28-a0-1435-g82390b3a13 (webtiles) character file.

Game seed: 16732188137450170444

4329 browni3141 the Blocker (level 10, -1/70 HPs)
             Began as a Human Fighter on Jan 10, 2022.
             Was a Follower of Okawaru.
             Succumbed to Grum's poison
             ... on level 8 of the Dungeon.
             The game lasted 00:21:27 (14135 turns).

browni3141 the Blocker (Human Fighter)             Turns: 14135, Time: 00:21:28

Health: -1/70      AC: 12    Str: 20    XL:     10   Next: 59%
Magic:  10/10      EV:  5    Int:  8    God:    Okawaru [*.....]
Gold:   555        SH:  6    Dex: 14    Spells: 9/9 levels left

rFire   . . .      SeeInvis .   k - +0 whip (elec)
rCold   . . .      Faith    .   c - +0 buckler
rNeg    . . .      Spirit   .   j - +0 plate armour
rPois   .          Reflect  .   (no helmet)
rElec   .          Harm     .   (no cloak)
rCorr   .          Rampage  .   M - +0 pair of gloves
Will    +....                   (no boots)
Stlth   ..........              (no amulet)
HPRegen 0.21/turn               n - ring of willpower
MPRegen 0.12/turn               (no ring)

@: lethally poisoned (-1 -> -12)
A: no striking features
a: Renounce Religion, Heroism


You were on level 8 of the Dungeon.
You worshipped Okawaru.
Okawaru was aware of your devotion.
You visited 2 branches of the dungeon, and saw 10 of its levels.
You also visited: Ossuary.

You collected 555 gold pieces.

Inventory:

Hand Weapons
 a - a +0 long sword
 k - a +0 whip of electrocution (weapon)
 w - a +0 giant club
 y - a +2 whip of freezing
Missiles
 d - 14 poisoned darts (quivered)
 s - 6 javelins
Armour
 b - a +0 scale mail
 c - a +0 buckler (worn)
 j - a +0 plate armour (worn)
 l - the +1 robe of Atheism {rN+ Dex+4}
   (You found it on level 2 of the Dungeon)

   Dex:       It affects your dexterity (+4).
   rN:        It protects you from negative energy.
 r - a +0 chain mail
 v - a +0 ring mail of fire resistance
 M - a +0 pair of gloves (worn)
Jewellery
 n - a ring of willpower (left hand)
 p - a ring of fire
Wands
 x - a wand of digging (8)
 A - a wand of polymorph (9)
 D - a wand of iceblast (1)
 L - a wand of flame (20)
Scrolls
 e - 2 scrolls of vulnerability
 f - 4 scrolls of teleportation
 g - 2 scrolls of fog
 h - a scroll of magic mapping
 i - a scroll of fear
 o - 3 scrolls of torment
 q - 3 scrolls of noise
 E - a scroll of silence {unknown}
 G - a scroll of amnesia {unknown}
 I - a scroll of enchant weapon {unknown}
 O - 2 scrolls of brand weapon {unknown}
Potions
 m - 3 potions of mutation
 t - a potion of lignification {unknown}
 u - 3 potions of haste {unknown}
 z - 3 potions of might
 B - 5 potions of curing
 C - a potion of invisibility
 F - a potion of cancellation {unknown}
 H - 3 potions of heal wounds
 J - 2 potions of flight {unknown}
 K - a potion of resistance {unknown}
 N - a potion of berserk rage {unknown}
 P - a potion of attraction {unknown}


   Skills:
 - Level 3.0 Fighting
 - Level 2.0 Long Blades
 - Level 9.0 Maces & Flails
 * Level 4.3 Throwing
 - Level 3.0 Armour
 - Level 10.0 Shields
 * Level 5.0 Evocations


You had 9 spell levels left.
You didn't know any spells.
Your spell library contained the following spells:

 Spells                   Type           Power      Damage    Failure   Level
 Blink                    Tloc           0%         N/A       100%        2
 Frozen Ramparts          Ice            0%         1d2       100%        3
 Lesser Beckoning         Tloc           0%         N/A       100%        3
 Ice Form                 Ice/Tmut       0%         N/A       100%        4
 Olgreb's Toxic Radiance  Pois           0%         N/A       100%        4
 Manifold Assault         Tloc           0%         N/A       100%        5
 Ozocubu's Refrigeration  Ice            0%         4d5       100%        7
 Ignition                 Fire           0%         3d3       100%        8
 Summon Ice Beast         Ice/Summ       Unusable   N/A       N/A         4

Dungeon Overview and Level Annotations

Branches:
Dungeon (9/15)             Temple (1/1) D:6            Lair (0/6) D:8
Ossuary (visited)
    Orc: D:9-12

Altars:
Ashenzari
Cheibriados
Dithmenos
Elyvilon
Fedhas
Okawaru
Ru
Uskayaw

Annotations:
D:3 1 runed translucent door, Crazy Yiuf
D:9 Grum


Message History

The killer bee buzzes angrily. x2
The wolf bites you but does no damage.
Grum casts a spell.
Grum flickers and vanishes!
Deactivating autopickup; reactivate with Ctrl-A.
The bullfrog hits you but does no damage.
The wolf bites you but does no damage.
The orc wizard gestures wildly while chanting.
The orc wizard flickers and vanishes!
A killer bee comes into view.
You block the wolf's attack.
A killer bee comes into view.
You miss something.
You feel sick.
The killer bee buzzes angrily. x2; You hear some strange, mumbled words.
You block the wolf's attack. The wolf bites you!
You block the bullfrog's attack.
A killer bee comes into view.
Unknown command.
Unknown command.
Unknown command.
You feel sick. You block the wolf's attack. Something hits you.
Something burns you. The bullfrog barely misses you.
The wolf bites you but does no damage.
There is a stone staircase leading up here.
Unknown command.
Unknown command.
You feel sick.
The killer bee buzzes angrily.
The wolf bites you but does no damage. You block the bullfrog's attack.
The orc priest calls down the wrath of Beogh upon you.
Beogh smites you!
* * * LOW HITPOINT WARNING * * *
The wolf bites you.
* * * LOW HITPOINT WARNING * * *
Something hits you but does no damage. x2
You are lethally poisoned!
The wolf bites you but does no damage. You block the bullfrog's attack.
You climb upwards.
Reactivating autopickup.
You die...

### #.## ### ##..# #.##
####...########..#
#####........##.#....#
######.#.......h..#.......#
#...............@.....##..#
................h..#..#...##
..................##..##...#
..................###.....##
....##................##...#
....##.............#......##
.##.###)...........##....## ####
...................##..##.####..#
....................#...#..#.....


You could see 2 wolves.

Vanquished Creatures
  Pikel (D:4)
  Psyche (D:8)
  Sigmund (D:5)
  A yak (D:5)
  Menkaure (D:5)
  3 wargs
  2 ice beasts
  A sky beast (D:5)
  2 orc warriors
  2 black bears
  2 necrophages
  An ogre (D:5)
  3 centaurs
  3 phantoms
  4 lemures (D:5)
  A kobold brigand (D:8)
  2 bullfrogs (D:7)
  3 scorpions
  5 killer bees (D:7)
  A howler monkey (D:8)
  A bullfrog zombie (D:7)
  2 jellies (D:6)
  A hound (D:4)
  4 orc priests
  2 centaur skeletons
  3 iguanas
  7 orc wizards
  A scorpion zombie (D:5)
  A hound zombie (D:5)
  4 mummies (Ossuary)
  A howler monkey zombie (D:5)
  2 howler monkey skeletons (D:5)
  5 adders
  A shadow imp (D:7)
  2 adder skeletons
  2 dart slugs
  24 orcs
  5 bats
  7 endoplasms
  3 giant cockroaches
  4 goblins
  A hobgoblin (D:2)
  6 jackals
  2 quokkas (D:2)
  8 ball pythons
  4 frilled lizards
  3 gnoll skeletons (Ossuary)
  4 gnoll zombies (Ossuary)
  2 goblin skeletons (Ossuary)
  5 goblin zombies (Ossuary)
  4 hobgoblin skeletons (Ossuary)
  3 hobgoblin zombies (Ossuary)
  9 kobolds
  4 kobold skeletons (Ossuary)
  4 kobold zombies (Ossuary)
  7 orc skeletons (Ossuary)
  4 orc zombies (Ossuary)
  A rat (D:2)
  5 rat skeletons (Ossuary)
  5 rat zombies (Ossuary)
203 creatures vanquished.

Vanquished Creatures (others)
  An orc (D:6)
  3 fungi (D:3)
4 creatures vanquished.

Grand Total: 207 creatures vanquished

Notes
Turn   | Place    | Note
-------+----------+-------------------------------------------
     0 | D:1      | browni3141 the Human Fighter began the quest for the Orb.
     0 | D:1      | Reached XP level 1. HP: 18/18 MP: 1/1
   227 | D:1      | Reached XP level 2. HP: 12/24 MP: 2/2
  1073 | D:1      | Reached skill level 4 in Shields
  1073 | D:1      | Reached XP level 3. HP: 29/29 MP: 3/3
  1548 | D:2      | Identified the +1 robe of Atheism {rN+ Dex+4}
  1936 | D:2      | Reached XP level 4. HP: 35/35 MP: 4/4
  2720 | D:3      | Noticed a phantom
  3018 | D:3      | Found a faded altar of an unknown god.
  3125 | D:3      | Found a runed translucent door.
  3126 | D:3      | Noticed Crazy Yiuf
  3199 | D:4      | Reached skill level 5 in Shields
  3278 | D:4      | Found a shadowy altar of Dithmenos.
  3294 | D:4      | Noticed a necrophage
  3306 | D:4      | Killed a necrophage
  3307 | D:4      | Reached skill level 6 in Shields
  3307 | D:4      | Reached XP level 5. HP: 30/41 MP: 5/5
  3442 | D:4      | Reached XP level 6. HP: 32/47 MP: 6/6
  4380 | D:5      | Entered Level 5 of the Dungeon
  4394 | D:5      | Reached skill level 7 in Shields
  4531 | D:5      | Noticed Sigmund
  4532 | D:5      | Noticed Menkaure
  4536 | D:5      | Killed Menkaure
  4537 | D:5      | Reached XP level 7. HP: 41/52 MP: 7/7
  4954 | D:5      | Noticed a yak
  4991 | D:4      | Reached skill level 8 in Shields
  5476 | D:4      | Reached XP level 8. HP: 34/58 MP: 8/8
  5646 | D:5      | Reached skill level 9 in Shields
  5670 | D:5      | Noticed Pikel
  6691 | D:5      | Killed a yak
  7363 | D:5      | Reached skill level 1 in Maces & Flails
  8322 | D:5      | Killed Sigmund
  8323 | D:5      | Reached skill level 5 in Maces & Flails
  8323 | D:5      | Reached XP level 9. HP: 57/63 MP: 9/9
  9458 | D:4      | Killed Pikel
 10666 | D:6      | Found a staircase to the Ecumenical Temple.
 10682 | Temple   | Entered the Ecumenical Temple
 10694 | Temple   | Became a worshipper of Warmaster Okawaru
 11097 | D:7      | Reached skill level 1 in Evocations
 11117 | D:7      | Found a sand-covered staircase.
 11134 | Ossuary  | Entered an ossuary
 11756 | D:7      | Reached XP level 10. HP: 64/70 MP: 10/10
 11902 | D:7      | Reached skill level 1 in Throwing
 12283 | D:7      | Reached skill level 10 in Shields
 12787 | D:8      | Noticed Psyche
 12790 | D:8      | Killed Psyche
 12790 | D:8      | Reached * piety under Okawaru
 13532 | D:8      | Reached skill level 5 in Evocations
 13759 | D:8      | Found a staircase to the Lair.
 14123 | D:9      | Noticed Grum
 14124 | D:9      | Noticed Grum
 14124 | D:9      | Grum changed into Grum the boggart
 14134 | D:9      | HP: 3/70 [wolf[Grum] (6)]
 14135 | D:8      | Succumbed to Grum's poison

Illustrated notes

Levels and vault maps discovered:
D:1:      minmay_arrival_loop, layout_basic, bh_walls_and_bars
D:2:      layout_basic
D:3:      layout_basic, shapermc_ecumenical_altar_acropolis,
          uniq_crazy_yiuf_cottage
D:4:      layout_cave_pools, nicolae_dithmenos_shadow_blocks, kennysheep_path_1
D:5:      layout_layer_cave, minmay_pentangle, uniq_pikel, uniq_menkaure,
          uniq_sigmund
D:6:      layout_gridville, minmay_temple_entry_mini_moons
D:7:      layout_basic, enter_ossuary_5
D:8:      layout_cave_pools, erik_lair_orcish_takeover, uniq_psyche
D:9:      layout_rooms, uniq_erolcha, uniq_grum
Temple:   nicolae_temple_the_god_donut

Skill      XL: |  1  2  3  4  5  6  7  8  9 10 |
---------------+-------------------------------+-----
Shields        | 4 6 7 8 9 10 | 10.0
Maces & Flails | 5 8 9 |  9.0
Evocations     | 2 5 |  5.0
Throwing       | 4 |  4.3
Fighting       | |  3.0
Long Blades    | |  2.0
Armour         | |  3.0

Action                   |  1- 3 |  4- 6 |  7- 9 | 10-12 || total
-------------------------+-------+-------+-------+-------++-------
Melee: Long sword        |   118 |   109 |   108 |       ||   335
       Whip              |       |       |   370 |   209 ||   579
Throw: Dart              |       |     8 |    66 |    12 ||    86
       Javelin           |       |       |     7 |     3 ||    10
Evoke: Wand              |       |     2 |     1 |     6 ||     9
  Use: Potion            |       |     1 |     1 |       ||     2
       Scroll            |       |       |     9 |     2 ||    11
Armor: Scale mail        |    64 |    15 |       |       ||    79
       Chain mail        |       |    13 |       |       ||    13
       Ring mail         |       |    13 |    86 |       ||    99
       Plate armour      |       |       |    67 |   129 ||   196
Dodge: Dodged            |    49 |    38 |   166 |    42 ||   295
Block: Buckler           |    33 |    18 |   125 |    66 ||   242

Table legend: (Time is in decaauts)
 A = Elapsed time spent in this place.
 B = Non-inter-level travel time spent in this place.
 C = Inter-level travel time spent in this place.
 D = Time resting spent in this place.
 E = Time spent auto-exploring this place.
 F = Levels seen in this place.
 G = Mean time per level.
                   A        B        C        D        E       F      G
               +--------+--------+--------+--------+--------+-----+--------+
         Total |  14132 |  13219 |    913 |   2610 |   7742 |  11 | 1284.7 |
       Dungeon |  13715 |  12812 |    903 |   2610 |   7597 |   9 | 1523.9 |
        Temple |     23 |     13 |     10 |      0 |      3 |   1 |   23.0 |
       Ossuary |    393 |    393 |      0 |      0 |    142 |   1 |  393.0 |
               +--------+--------+--------+--------+--------+-----+--------+

Top non-repeatable levels by time:
     D:5: 3407 daAuts
     D:4: 2485 daAuts
     D:3: 1881 daAuts
     D:1: 1567 daAuts
     D:7: 1543 daAuts
     D:8: 1084 daAuts
     D:2: 1033 daAuts
     D:6: 703 daAuts
 Ossuary: 393 daAuts
  Temple: 23 daAuts
     D:9: 9 daAuts
